 Dungeon Crawl Stone Soup version 0.23.2-33-g5129a83184 (webtiles) character file.

Game seed: 16911782261739521428

28 MalarOregon the Ducker (level 3, 0/28 HPs)
             Began as a Merfolk Skald on Aug 8, 2019.
             Succumbed to an adder's poison
             ... on level 2 of the Dungeon.
             The game lasted 00:01:15 (1635 turns).

MalarOregon the Ducker (Merfolk Skald)              Turns: 1635, Time: 00:01:16

Health: 0/28       AC:  3    Str: 17    XL:     3   Next: 14%
Magic:  6/6        EV: 18    Int: 17    God:
Gold:   132        SH:  0    Dex: 18    Spells: 5/6 levels left

rFire    . . .     SeeInvis .   a - +0 falchion
rCold    . . .     Gourm    .   (no shield)
rNeg     + . .     Faith    .   b - +0 leather armour
rPois    .         Spirit   .   (no helmet)
rElec    .         Reflect  .   (no cloak)
rCorr    .         Harm     .   (no gloves)
MR       .....                  (no boots)
Stlth    ++........             (no amulet)
HPRegen  0.09/turn              m - ring of positive energy
MPRegen  0.10/turn              (no ring)

@: mighty, brilliant, agile, lethally poisoned (0 -> -13), flying
A: change form in water, swift swim, stealthy swim, claws 1, mutation resistance
1
a: no special abilities


You were on level 2 of the Dungeon.
You were not hungry.

You visited 1 branch of the dungeon, and saw 2 of its levels.

You collected 132 gold pieces.

Inventory:

Hand Weapons
 a - a +0 falchion (weapon)
Armour
 b - a +0 leather armour (worn)
Jewellery
 m - a ring of positive energy (left claw)
   (You found it on level 2 of the Dungeon)
Scrolls
 c - 3 scrolls of teleportation {unknown}
 d - a scroll of blinking {unknown}
 g - a scroll of remove curse {unknown}
 j - a scroll of magic mapping {unknown}
 n - a scroll of enchant weapon {unknown}
Comestibles
 e - a ration {!d}


   Skills:
 + Level 2.6 Fighting
 * Level 3.1 Long Blades
 - Level 0.6 Armour
 + Level 3.3 Dodging
 - Level 2.0 Spellcasting
 - Level 3.2 Charms


You had 5 spell levels left.
You knew the following spells:

 Your Spells              Type           Power        Failure   Level  Hunger
a - Infusion              Chrm           ###.         1%          1    #......

Your spell library contained the following spells:

 Spells                   Type           Power        Failure   Level  Hunger
 Song of Slaying          Chrm           ###.....     1%          2    ###....
 Shroud of Golubria       Chrm/Tloc      ###.......   2%          2    ###....
 Regeneration             Chrm/Necr      ###.......   4%          3    ###....
 Spectral Weapon          Hex/Chrm       ###.....     4%          3    ###....


Dungeon Overview and Level Annotations

Branches:
Dungeon (2/15)

Altars:
Okawaru


Innate Abilities, Weirdness & Mutations

You revert to your normal form in water You are very nimble and swift while swimming.
You are very stealthy in the water. (Stealth+)
You have sharp fingernails.
You are somewhat resistant to further mutation.


Message History

No target in view!
m - a diamond ring No target in view!
n - a scroll labeled WUVUSU GUMMALA No target in view!
Put on which piece of jewellery? (? for menu, Esc to quit)
m - a ring of positive energy (left hand)
An adder comes into view.
The adder hisses angrily.
You closely miss the adder. The adder bites you.
You are poisoned.
The adder poisons you!
You hit the adder but do no damage.
You feel sick. The adder closely misses you. The adder bites you.
You hit the adder.
You feel sick. The adder bites you.
You are more poisoned.
The adder poisons you! The adder bites you.
You are more poisoned.
The adder poisons you!
You closely miss the adder.
You feel sick. The adder bites you.
* * * LOW HITPOINT WARNING * * *
You are too injured to fight recklessly!
You are too injured to fight recklessly!
You are too injured to fight recklessly!
You are too injured to fight recklessly!
Unknown command.
It was a potion of flight.
You feel very buoyant.
You fly up into the air.
* * * LOW HITPOINT WARNING * * *
You feel sick. The adder bites you but does no damage.
Unknown command.
It was a potion of mutation.
You feel extremely strange.
You feel genetically stable.
Your fingernails lengthen.
* * * LOW HITPOINT WARNING * * *
You feel sick. The adder closely misses you. The adder bites you.
* * * LOW HITPOINT WARNING * * *
You are more poisoned.
The adder poisons you!
It was a potion of agility.
You feel agile all of a sudden.
* * * LOW HITPOINT WARNING * * *
You feel sick. The adder barely misses you.
It was a potion of brilliance.
You feel clever all of a sudden.
* * * LOW HITPOINT WARNING * * *
You feel sick. The adder barely misses you.
It was a potion of might.
You feel very mighty all of a sudden.
You die...

#.#...#.# #.......#
#.......# #.......#
##.......#
###........## #####
.....#......####...#
###................#
............####@..#
##...##....## ##S##
##........## .#
.#.####.### .# .#.#
#.# #. .#.# . # ...#
.### .#


You could see an adder.

Vanquished Creatures
  A dart slug (D:1)
  A giant cockroach (D:1)
  3 goblins (D:1)
  6 hobgoblins (D:1)
  4 jackals (D:1)
  2 kobolds (D:1)
  2 bats (D:1)
  3 frilled lizards (D:1)
  A rat (D:1)
23 creatures vanquished.

Notes
Turn   | Place    | Note
-------+----------+-------------------------------------------
     0 | D:1      | MalarOregon the Merfolk Skald began the quest for the Orb.
     0 | D:1      | Reached XP level 1. HP: 16/16 MP: 3/3
   411 | D:1      | Reached XP level 2. HP: 6/23 MP: 5/5
   918 | D:1      | Found an iron altar of Okawaru.
  1255 | D:1      | Reached XP level 3. HP: 23/28 MP: 6/6
  1632 | D:2      | Gained mutation: You are somewhat resistant to further
                  | mutation. [potion of mutation]
  1632 | D:2      | Gained mutation: You have sharp fingernails. [potion of
                  | mutation]
  1633 | D:2      | HP: 1/28 [poisoned by an adder]
  1635 | D:2      | Succumbed to an adder's poison

Skill      XL: |  1  2 |
---------------+-------+-----
Dodging        | 3 |  3.3
Long Blades    | 3 |  3.1
Fighting       | |  2.6
Armour         | |  0.6
Spellcasting   | |  2.0
Charms         | |  3.2

Action                   || total
-------------------------++-------
Melee: Falchion          ||    86
  Use: Potion            ||     5
  Eat: Chunk             ||     2
Armor: Leather armour    ||    28
Dodge: Dodged            ||    65
       Rpst.: Falchion   ||    19
